 Dungeon Crawl Stone Soup version 0.31-a0-259-g771a54ca4b (webtiles) character file.

Game seed: 2427028537185184159

334 qw the Shooter (level 6, -1/53 HPs)
             Began as a Minotaur Hexslinger on July 13, 2023.
             Was an Initiate of Okawaru.
             Slain by Pikel
             ... wielding a +2 whip of freezing
              (4 damage)
             ... on level 5 of the Dungeon.
             The game lasted 00:01:16 (3363 turns).

qw the Shooter (Minotaur Hexslinger)                Turns: 3363, Time: 00:01:16

Health: -1/53      AC:  5    Str: 10 (12) XL:     6   Next: 27%
Magic:  6/6        EV: 10    Int:  9 (10) God:    Okawaru [......]
Gold:   199        SH:  0    Dex: 15      Spells: 6/7 levels left

rFire   + . .        d - +1 sling (heavy)
rCold   . . .        (no shield)
rNeg    . . .        h - +0 ring mail
rPois   .            (helmet restricted)
rElec   .            (no cloak)
rCorr   .            (no gloves)
SInv    .            (no boots)
Will    .....        (no amulet)
Stlth   +            g - ring of protection from fire
HPRegen 0.28/turn    (no ring)
MPRegen 0.10/turn

%: no passive effects
@: no status effects
A: horns 2, retaliatory headbutt
a: Renounce Religion


You were on level 5 of the Dungeon.
You worshipped Okawaru.
Okawaru was noncommittal.
You visited 2 branches of the dungeon, and saw 6 of its levels.

You collected 199 gold pieces.


Innate Abilities, Weirdness & Mutations

You have a pair of horns on your head.
You reflexively headbutt those who attack you in melee.


   Skills:
 - Level 4.4 Fighting
 + Level 6.0 Ranged Weapons
 - Level 1.0 Armour
 - Level 2.1 Dodging
 - Level 1.0 Spellcasting
 - Level 2.0 Hexes


You had 6 spell levels left.
You knew the following spells:

 Your Spells              Type           Power      Damage    Failure   Level
a - Slow                  Hex            16%        N/A       38%         1

Your spell library contained the following spells:

 Spells                   Type           Power      Damage    Failure   Level
 Inner Flame              Hex/Fire       2%         N/A       88%         3
 Portal Projectile        Hex/Tloc       4%         N/A       88%         3
 Cause Fear               Hex            2%         N/A       99%         4

Inventory:

Hand Weapons
 d - a +1 heavy sling (weapon)
Armour
 h - a +0 ring mail (worn)
Jewellery
 g - a ring of protection from fire (left hand)
Scrolls
 m - a scroll of identify
Potions
 a - a potion of mutation
 b - a potion of might
 e - 2 potions of curing
 f - a potion of resistance {unknown}
 l - a potion of haste

Dungeon Overview and Level Annotations

Branches:
Dungeon (5/15)             Temple (1/1) D:5

Altars:
Ashenzari
Cheibriados
Dithmenos
Elyvilon
Hepliaklqana
Kikubaaqudgha
Makhleb
Okawaru
Qazlal
Ru
Sif Muna
Trog
Uskayaw
Vehumet
Wu Jian
Xom
Yredelemnul
Zin
The Shining One

Annotations:
D:4 2 runed translucent doors, qw's ghost, amateur GrHs
D:5 Pikel


Message History

You shoot a sling bullet.
The sling bullet closely misses the lemure.
You shoot a sling bullet.
The sling bullet barely misses the lemure.
The lemure hits you but does no damage.
You shoot a sling bullet. The sling bullet hits the lemure!
The lemure is heavily wounded.
The lemure hits you!
A lemure comes into view.
The lemure closely misses you.
You shoot a sling bullet. The sling bullet hits the lemure!
The lemure is almost dead.
Pikel cracks his whip.
A lemure comes into view.
You shoot a sling bullet. The lemure shouts!
The sling bullet hits Pikel.
Pikel is lightly wounded.
Pikel barely misses you.
Pikel hits you with a +2 whip of freezing!
Pikel freezes you.
You shoot a sling bullet. The sling bullet hits Pikel!
Pikel is moderately wounded.
Pikel hits you with a +2 whip of freezing!
Pikel freezes you.
Pikel hits you with a +2 whip of freezing.
Pikel freezes you.
You shoot a sling bullet.
The sling bullet hits Pikel but does no damage.
Pikel is moderately wounded.
Pikel hits you with a +2 whip of freezing!
Pikel freezes you.
You shoot a sling bullet. The sling bullet hits Pikel!
Pikel is severely wounded.
Pikel hits you with a +2 whip of freezing.
Pikel freezes you. Pikel barely misses you. You furiously retaliate!
You headbutt Pikel! You shoot a sling bullet.
The sling bullet closely misses Pikel.
Pikel hits you with a +2 whip of freezing.
You die...

.# ####### .#
#########.....#
5#
~~~~~~~##.###.#
5#
..............#
5#
~~~~~~~#####..#
5# ########
#..###K######
#....@.......
#.###########
#.# ### ..# ..#
.<## #.## ...
#..## #...
#########
##..#####...
........#
##..>.....
#######.#


You could see Pikel and 4 lemures.

Vanquished Creatures
  A black bear (D:5)
  2 jellies
  A hound (D:5)
  Jessica (D:2)
  3 adders
  An ufetubus (D:4)
  5 dart slugs
  8 orcs
  10 ball pythons
  7 endoplasms
  4 giant cockroaches
  4 goblins
  5 hobgoblins (D:1)
  4 jackals (D:3)
  3 kobolds
  A quokka (D:1)
  8 bats
  6 frilled lizards
  7 rats
81 creatures vanquished.

Notes
Turn   | Place    | Note
-------+----------+-------------------------------------------
     0 | D:1      | qw the Minotaur Hexslinger began the quest for the Orb.
     0 | D:1      | Reached XP level 1. HP: 16/16 MP: 1/1
     0 | D:1      | 0 ||| qw: Version: 0.3-a-52-g30416fa
     0 | D:1      | 0 ||| qw: Game counter: 6881
     0 | D:1      | 0 ||| qw: Melee chars always use a shield: true
     0 | D:1      | 0 ||| qw: God list: Okawaru
     0 | D:1      | 0 ||| qw: Allow faded altars: false
     0 | D:1      | 0 ||| qw: Do Orc after clearing Dungeon:15 true
     0 | D:1      | 0 ||| qw: Do second Lair branch before Depths: true
     0 | D:1      | 0 ||| qw: Lair rune preference: random
     0 | D:1      | 0 ||| qw: Goals: Normal
     0 | D:1      | 0 ||| PLANNING D:1-11
    66 | D:1      | Reached skill level 3 in Ranged Weapons
    81 | D:1      | Reached XP level 2. HP: 23/23 MP: 2/2
   314 | D:1      | 314 ||| FLEEEEING.
   331 | D:1      | Reached XP level 3. HP: 29/29 MP: 3/3
   609 | D:1      | 609 ||| UPGRADING to +0 ring mail.
   619 | D:1      | 619 ||| DROPPING +0 robe.
   620 | D:1      | 620 ||| READING 3 scrolls labelled RIAM ILALE.
   721 | D:1      | 721 ||| READING scroll labelled IKOBUE PAGE.
   722 | D:1      | 722 ||| READING scroll labelled KOCKOHESOGH.
   723 | D:1      | 723 ||| READING scroll labelled FIUNOCZEDYD.
   728 | D:1      | 728 ||| DRINKING 2 clear potions.
   729 | D:1      | 729 ||| DRINKING 2 orange potions.
   730 | D:1      | 730 ||| DROPPING 2 scrolls of silence.
   731 | D:1      | 731 ||| DROPPING scroll of poison.
   732 | D:1      | 732 ||| DROPPING potion of brilliance.
   757 | D:2      | Noticed Jessica
   759 | D:2      | Killed Jessica
   760 | D:2      | Reached skill level 4 in Ranged Weapons
   862 | D:2      | Reached skill level 1 in Armour
   862 | D:2      | Reached XP level 4. HP: 31/36 MP: 4/4
  1260 | D:2      | 1260 ||| READING scroll labelled IVAYNWOGOJ.
  1261 | D:2      | 1261 ||| READING scroll labelled ECUFEC IRGHIC.
  1262 | D:2      | 1262 ||| READING scroll labelled ZANTOI XIDYGOO.
  1291 | D:3      | 1291 ||| STAIRDANCE
  1443 | D:3      | Reached skill level 5 in Ranged Weapons
  1515 | D:3      | Identified the +1 dagger of the Valley {speed, rN+ rCorr
                  | Str+3 Dex-2}
  1556 | D:3      | Reached XP level 5. HP: 33/42 MP: 5/5
  1986 | D:3      | 1986 ||| UPGRADING to ring of protection from fire.
  1987 | D:3      | 1987 ||| READING 4 scrolls labelled VOIP QEUSMOR.
  1988 | D:3      | 1988 ||| READING scroll labelled ANATZI NUSUM.
  1989 | D:3      | 1989 ||| READING scroll labelled PACLAA KIBUTE.
  1990 | D:3      | 1990 ||| DRINKING 2 glowing orange potions.
  1991 | D:3      | 1991 ||| DRINKING 2 smoky yellow potions.
  1992 | D:3      | 1992 ||| DROPPING 3 scrolls of revelation.
  1993 | D:3      | 1993 ||| DROPPING potion of degeneration.
  2222 | D:4      | Reached skill level 3 in Fighting
  2331 | D:4      | Found a large runed translucent door.
  2331 | D:4      | Found a large runed translucent door.
  2333 | D:4      | Noticed qw's ghost (amateur GrHs)
  2683 | D:4      | 2683 ||| READING scroll labelled ARPHAO JOWKUFA.
  2684 | D:4      | 2684 ||| READING 5 scrolls of identify.
  2684 | D:4      | 2684 ||| IDENTIFYING glowing ruby potion
  2685 | D:4      | 2685 ||| READING 4 scrolls of identify.
  2685 | D:4      | 2685 ||| IDENTIFYING purple potion
  2686 | D:4      | 2686 ||| READING 3 scrolls of identify.
  2686 | D:4      | 2686 ||| IDENTIFYING fuming emerald potion
  2687 | D:4      | 2687 ||| READING 2 scrolls of identify.
  2687 | D:4      | 2687 ||| IDENTIFYING viscous emerald potion
  2688 | D:4      | 2688 ||| DROPPING potion of invisibility.
  2719 | D:5      | Entered Level 5 of the Dungeon
  2812 | D:5      | Noticed an ogre
  2817 | D:5      | HP: 5/45 [ogre/+0 giant club (27)]
  2818 | D:5      | 2818 ||| READING scroll of teleportation.
  2819 | D:5      | 2819 ||| DRINKING potion of heal wounds.
  2881 | D:5      | Reached skill level 6 in Ranged Weapons
  2887 | D:5      | Found a staircase to the Ecumenical Temple.
  2888 | D:5      | 2888 ||| PLANNING TEMPLE
  2927 | D:5      | 2927 ||| READING scroll labelled ZEUPSOWITH.
  2950 | Temple   | Entered the Ecumenical Temple
  2981 | Temple   | 2981 ||| PLANNING OKAWARU WORSHIP
  3157 | Temple   | Became a worshipper of Warmaster Okawaru
  3158 | Temple   | 3158 ||| PLANNING D:1-11
  3240 | D:5      | Noticed a black bear
  3248 | D:5      | Killed a black bear
  3249 | D:5      | Reached XP level 6. HP: 30/53 MP: 6/6
  3355 | D:5      | Noticed Pikel
  3361 | D:5      | HP: 8/53 [Pikel/+2 whip of freezing (11)]
  3362 | D:5      | HP: 3/53 [Pikel/+2 whip of freezing (1)]
  3363 | D:5      | Slain by Pikel

Levels and vault maps discovered:
D:1:      ncdulo_lavacross, layout_rooms, interstate_on_off, moated_statue,
          serial_park_tiny_1, minmay_pentomino_w4
D:2:      layout_rooms, minmay_misc_feat_nine_boxes, minivault_26, uniq_jessica
D:3:      layout_basic
D:4:      layout_loops_ring, ebering_ghost_disaster_area
D:5:      layout_loops_ring, temple_pool_b, serial_shops, shop,
          amcnicky_mini_rare_corridor_liquid, serial_bayou_pond_d,
          nicolae_eternal_life, uniq_pikel, uniq_prince_ribbit1
Temple:   nicolae_temple_bog_church

Skill      XL: |  1  2  3  4  5 |
---------------+----------------+-----
Ranged Weapons | 3 4 5 6 |  6.0
Fighting       | 2 4 |  4.4
Armour         | 1 |  1.0
Dodging        | |  2.1
Spellcasting   | |  1.0
Hexes          | |  2.0

Action                     |  1- 3 |  4- 6 || total
---------------------------+-------+-------++-------
   Fire: Sling             |    93 |   149 ||   242
    Use: Scroll            |     4 |    13 ||    17
         Potion            |     2 |     3 ||     5
 Armour: Robe              |     4 |       ||     4
         Ring mail         |     2 |    39 ||    41
  Dodge: Dodged            |    13 |    60 ||    73

Table legend:
 A = Non-vault XP
 B = Vault XP
 C = Vault XP percentage of total XP
 D = Non-vault monster count
 E = Vault monster count
 F = Vault count percentage of total count
                 A         B        C        D         E       F
            +---------+---------+-------+---------+---------+-------
      Total |     430 |      48 |  10.0 |      74 |       7 |   8.6
            +---------+---------+-------+---------+---------+-------
        D:1 |      44 |      11 |  20.0 |      26 |       6 |  18.8
        D:2 |      29 |      37 |  56.1 |      13 |       1 |   7.1
        D:3 |      93 |       0 |   0.0 |      20 |       0 |   0.0
        D:4 |      31 |       0 |   0.0 |      10 |       0 |   0.0
        D:5 |     233 |       0 |   0.0 |       5 |       0 |   0.0
            +---------+---------+-------+---------+---------+-------
